 Dungeon Crawl Stone Soup version 0.29.1-1-gd02db69 (webtiles) character file.

Game seed: 11545968828798122068

600 MajKong the Chopper (level 7, -3/61 HPs)
             Began as a Hill Orc Fighter on Oct 21, 2022.
             Succumbed to their own poison gas
             ... on level 4 of the Dungeon.
             The game lasted 00:16:39 (1339 turns).

MajKong the Chopper (Hill Orc Fighter)              Turns: 1339, Time: 00:16:40

Health: -3/61      AC:  8    Str: 21    XL:     7   Next: 41%
Magic:  7/7        EV:  9    Int:  8    God:
Gold:   130        SH:  4    Dex: 10    Spells: 6/6 levels left

rFire   . . .      SeeInvis +   q - +1 club (spect)
rCold   . . .      Faith    .   c - +0 buckler
rNeg    . . .      Spirit   .   b - +0 scale mail
rPois   .          Reflect  .   r - +0 helmet {SInv}
rElec   .          Harm     .   (no cloak)
rCorr   +          Rampage  .   (no gloves)
Will    .....                   (no boots)
Stlth   ..........              (no amulet)
HPRegen 0.20/turn               A - ring of resist corrosion
MPRegen 0.10/turn               (no ring)

@: lethally poisoned (-3 -> -37)
A: no striking features
a: no special abilities


You were on level 4 of the Dungeon.
You visited 1 branch of the dungeon, and saw 4 of its levels.
You also visited: Sewer.

You collected 130 gold pieces.

Inventory:

Hand Weapons
 a - a +0 war axe
 o - a +0 sling
 q - a +1 spectral club (weapon)
 v - a +0 hand axe
 y - a +0 halberd
 B - a +1 dagger of venom
Missiles
 x - 15 stones (quivered)
Armour
 b - a +0 scale mail (worn)
 c - a +0 buckler (worn)
 g - a +0 ring mail
 i - a +0 leather armour
 j - a +0 ring mail
 r - a +0 helmet of see invisible (worn)
Jewellery
 A - a ring of resist corrosion (left hand)
Wands
 n - a wand of flame (17)
 s - a wand of digging (3)
Scrolls
 e - a scroll of fear {unknown}
 h - 4 scrolls of identify {unknown}
 k - a scroll of summoning {unknown}
 l - a scroll of acquirement {unknown}
 p - a scroll of enchant weapon {unknown}
 u - a scroll of butterflies {unknown}
Potions
 d - a potion of might
 f - 2 potions of heal wounds {unknown}
Miscellaneous
 w - a tin of tremorstones (2/2)


   Skills:
 + Level 5.3 Fighting
 + Level 7.3 Axes
 + Level 4.8 Armour
 + Level 1.3 Dodging
 + Level 0.2 Stealth
 + Level 4.3 Shields


You had 6 spell levels left.
You didn't know any spells.
Your spell library contained the following spells:

 Spells                   Type           Power      Damage    Failure   Level
 Conjure Flame            Conj/Fire      0%         6-21      99%         3
 Ignite Poison            Fire/Tmut/Pois 0%         N/A       99%         3
 Sticky Flame             Conj/Fire      0%         2d3       100%        4
 Fireball                 Conj/Fire      0%         3d3       100%        5
 Starburst                Conj/Fire      0%         6d3       100%        6
 Ignition                 Fire           0%         3d3       100%        8


Dungeon Overview and Level Annotations

Branches:
Dungeon (4/15)              Sewer (visited)
 Temple: D:4-7

Altars:
Nemelex Xobeh

Shops:
D:3 (

Annotations:
D:4 1 runed translucent door, Skysoldier's ghost, weakling VSFi


Message History

You slash the jelly!
You kill the jelly!
Really walk into that cloud of poison gas? [Y]es or [N]o only, please.
Really walk into that cloud of poison gas?
Okay, then.
Really walk into that cloud of poison gas?
Okay, then.
There are no items here.
You feel a bond with your +1 spectral club.
q - a +1 spectral club (weapon)
Really walk into that cloud of poison gas?
Okay, then.
You start putting on your armour.
You continue putting on your +0 helmet of see invisible. x4
You finish putting on your +0 helmet of see invisible.
You feel perceptive.
A - a ring of resist corrosion (left hand)
Aiming: Dig
Press: ? - help, Shift-Dir - straight line You can't see that place. [an open door.]
Okay, then.
Sorry, I don't know how to get there.
Aiming: Dig
Press: ? - help, Shift-Dir - straight line A rock wall.
Okay, then.
Sorry, I don't know how to get there.
Sorry, I don't know how to get there.
Sorry, I don't know how to get there.
Really walk into that cloud of poison gas?
You are engulfed in poison gas.
You are lethally poisoned!
* * * LOW HITPOINT WARNING * * *
You feel very sick.
You are engulfed in poison gas.
You are more poisoned.
* * * LOW HITPOINT WARNING * * *
You die...

...# # ...# ######.
...# #...#.# ..##
#. #...# ..# ####.
#..## ..# #...
####..## ### ##..
##.###.§# ##
#...###._.###.# .##
#.#..###.###@§#
..###.##..#'#'#.§##
...........###§☼##
.########...#○§##
.. ##.§§○## ..
##§..# ... ##°.#
... ##..# ..##
##..#


There were no monsters in sight!

Vanquished Creatures
  Grinder (D:3)
  2 bullfrogs (Sewer)
  2 jellies (D:4)
  An orc priest (D:3)
  Robin (D:3)
  5 gnolls
  2 adders
  A dart slug (D:2)
  4 orcs
  9 endoplasms
  15 giant cockroaches
  10 goblins
  8 hobgoblins
  4 jackals (D:3)
  5 kobolds
  11 quokkas
  12 ball pythons
  5 bats
  8 frilled lizards (Sewer)
  3 rats (D:1)
109 creatures vanquished.

Vanquished Creatures (others)
  A fungus (D:1)
1 creature vanquished.

Grand Total: 110 creatures vanquished

Notes
Turn   | Place    | Note
-------+----------+-------------------------------------------
     0 | D:1      | MajKong the Hill Orc Fighter began the quest for the Orb.
     0 | D:1      | Reached XP level 1. HP: 19/19 MP: 1/1
    58 | D:1      | Reached XP level 2. HP: 16/27 MP: 2/2
   151 | D:1      | Reached skill level 3 in Axes
   179 | D:1      | Reached XP level 3. HP: 25/33 MP: 3/3
   436 | D:3      | Found Pauvvut's Weapon Shoppe.
   437 | D:3      | Noticed Grinder
   437 | D:3      | Paralysed by Grinder for 5 turns
   454 | D:3      | Killed Grinder
   455 | D:3      | Reached skill level 5 in Axes
   455 | D:3      | Reached XP level 4. HP: 27/41 MP: 4/4
   455 | D:3      | Reached XP level 5. HP: 31/47 MP: 5/5
   455 | D:3      | Reached XP level 6. HP: 36/55 MP: 6/6
   540 | D:3      | Noticed Robin
   548 | D:3      | Killed Robin
   671 | D:3      | Found a glowing drain.
   680 | Sewer    | Entered a sewer
   731 | Sewer    | Reached skill level 6 in Axes
   731 | Sewer    | Reached skill level 1 in Dodging
   963 | Sewer    | Reached skill level 5 in Fighting
   970 | Sewer    | Reached XP level 7. HP: 32/61 MP: 7/7
  1069 | D:3      | Reached skill level 7 in Axes
  1248 | D:4      | Noticed Skysoldier's ghost (weakling VSFi)
  1251 | D:4      | Found a runed translucent door.
  1257 | D:4      | HP: 1/61 [orc/+0 hand axe (5)]
  1303 | D:4      | Found a sparkling altar of Nemelex Xobeh.
  1339 | D:4      | Succumbed to their own poison gas

Illustrated notes

Levels and vault maps discovered:
D:1:      tarquinn_simple_flora_water_d, layout_rooms,
          chequers_ecumenical_altar_twisty, serial_curves, eino_curves_04,
          eino_curves_02, chequers_serial_rivers_micro_e,
          minmay_indecisive_spiral
D:2:      layout_basic, serial_corexii_hall, corexii_hall_statues_x,
          chequers_hall_statues_wall_a, corexii_hall_statues_i,
          corexii_hall_statues_u, corexii_hall_statues_x,
          chequers_hall_statues_wall_a
D:3:      layout_loops_ring, serial_shops, shop, portal_sewer_entry_e,
          uniq_robin, uniq_grinder
D:4:      layout_cave_pods, cheibrodos_ashenzari_chains,
          nemelex_diamond_rough_becter, minmay_temple_entry_hall,
          hellmonk_ghost_happy_afterlife, minmay_cut_off

Skill      XL: |  1  2  3  4  5  6  7 |
---------------+----------------------+-----
Fighting       | 4 5 |  5.3
Axes           | 3 5 6 7 |  7.3
Armour         | 4 |  4.8
Shields        | 4 |  4.3
Dodging        | 1 |  1.3
Stealth        | |  0.2

Action                   |  1- 3 |  4- 6 |  7- 9 || total
-------------------------+-------+-------+-------++-------
Melee: War axe           |    65 |   168 |    33 ||   266
  Use: Potion            |       |     1 |     1 ||     2
       Scroll            |       |       |     2 ||     2
Armor: Scale mail        |    17 |   107 |    17 ||   141
Dodge: Dodged            |    22 |    87 |     6 ||   115
Block: Buckler           |    23 |    48 |     5 ||    76
